AoeStats
← chengyenfa

Arabia

509103062Analyzed
1v1 RM · 8d ago on Sep 25, 2026· 40m 50s· 2 players
Game mode
Random Map
Map size
Tiny (2 player)
Population
200
Speed
Normal
Resources
Standard
Victory
Conquest
Starting age
Dark Age
Ending age
Imperial Age
RankedLock teamsTeams togetherTeam positionsShared explorationLock speedFull tech treeHidden civsTurbo modeCheats
Victory
Defeat
🇹🇼 Sicilians · Taiwan
1289
+15
🇨🇳 Goths · China
1264
-15
1521504505
9:58 Feudal Age
10:09 Man-at-Arms
21:07 Forging
25:38 Castle Age
23:52 Double-Bit Axe
24:14 Scale Mail Armor
24:18 Horse Collar
24:56 Gold Mining
25:42 Long Swordsman
26:53 Bow Saw
27:48 Iron Casting
27:40 Squires
30:56 Chain Mail Armor
33:18 Stone Mining
35:15 Wheelbarrow
chengyenfa
6:05 Loom
8:24 Feudal Age
9:02 Double-Bit Axe
10:08 Horse Collar
14:01 Town Watch
16:06 Forging
18:21 Wheelbarrow
19:31 Scale Mail Armor
23:19 Castle Age
21:43 Gold Mining
23:03 Fletching
23:05 Stone Mining
24:58 Iron Casting
25:29 Squires
27:26 Chain Mail Armor
27:24 Bow Saw
29:58 Heavy Plow
36:18 Imperial Age
35:10 Gold Shaft Mining
35:11 Stone Shaft Mining
35:28 Hand Cart
36:05 First Crusade
36:46 Elite Serjeant
37:42 Bodkin Arrow
38:46 Stone Shaft Mining
38:23 Masonry
39:16 Chemistry
38:37 Ballistics
39:58 Blast Furnace
40:09 Plate Mail Armor
39:39 Bracer
39:36 Arson
40:28 Arrowslits
40:39 Murder Holes
Connection lost

Rejoining the realm…

Still unreachable

The connection could not be restored.

Session expired

The server has moved on; the page needs a fresh start.